 Dungeon Crawl Stone Soup version 0.31.0-11-ge490571c62 (webtiles) character file.

Game seed: 17921123010287664803

88 qw the Ducker (level 4, -2/22 HPs)
             Began as a Spriggan Hunter on Feb 3, 2024.
             Slain by Robin
             ... wielding a +0 spear
              (5 damage)
             ... on level 2 of the Dungeon.
             The game lasted 00:00:05 (873 turns).

qw the Ducker (Spriggan Hunter)                      Turns: 873, Time: 00:00:05

Health: -2/22      AC:  2    Str:  7    XL:     4   Next: 30%
Magic:  5/5        EV: 26    Int: 10    God:
Gold:   61         SH:  0    Dex: 26    Spells: 3/3 levels left

rFire   . . .        a - +2 shortbow
rCold   . . .        (shield currently unavailable)
rNeg    . . .        c - +0 robe
rPois   .            (helmet restricted)
rElec   .            (no cloak)
rCorr   .            (gloves unavailable)
SInv    +            (boots unavailable)
Will    .....        (no amulet)
Stlth   ++           d - +5 ring of evasion
HPRegen 0.23/turn    i - +6 ring of dexterity
MPRegen 0.09/turn

%: no passive effects
@: very quick
A: very small, no large weapons, unfitting armour, see invisible, speed 3
a: no special abilities


You were on level 2 of the Dungeon.
You visited 1 branch of the dungeon, and saw 2 of its levels.

You collected 61 gold pieces.


Innate Abilities, Weirdness & Mutations

You are very small and have problems with some larger weapons.
You are too small for most types of armour.
You have supernaturally acute eyesight. (SInv)
You cover ground extremely quickly. (Speed+++)


   Skills:
 - Level 1.5 Fighting
 + Level 4.8 Ranged Weapons
 - Level 5.0 Dodging
 - Level 1.5 Stealth


You had 3 spell levels left.
You didn't know any spells.
Your spell library was empty.

Inventory:

Hand Weapons
 a - a +2 shortbow (weapon)
Armour
 c - a +0 robe (worn)
Jewellery
 d - a +5 ring of evasion (left hand)
 i - a +6 ring of dexterity (right hand)
Scrolls
 b - a scroll of enchant armour
Potions
 f - a potion of enlightenment {unknown}
 g - a potion of might {unknown}
 h - 3 potions of heal wounds {unknown}

Dungeon Overview and Level Annotations

Branches:
Dungeon (2/15)

Altars:
Hepliaklqana

Annotations:
D:2 Robin


Message History

The goblin completely misses you. The goblin hits you with a club.
You shoot an arrow. The arrow barely misses the goblin.
The goblin hits you with a +0 club. The goblin misses you.
Robin hits you from afar with a +0 spear.
The goblin hits you with a +0 club. The hobgoblin barely misses you.
You shoot an arrow. The arrow barely misses the goblin.
The goblin closely misses you. The goblin completely misses you.
The goblin hits you but does no damage. The hobgoblin barely misses you.
Robin misses you.
You shoot an arrow. The arrow hits the goblin.
You kill the goblin!
Robin hits you from afar with a +0 spear.
The hobgoblin completely misses you. The goblin completely misses you. x2
You shoot an arrow. The arrow hits the hobgoblin.
The hobgoblin is heavily wounded.
Robin completely misses you. The hobgoblin misses you.
The goblin completely misses you. x2
You shoot an arrow. The arrow hits the hobgoblin!
You kill the hobgoblin!
The goblin misses you. The goblin completely misses you.
Robin completely misses you.
You shoot an arrow. The arrow hits the goblin!
You kill the goblin!
The goblin misses you. Robin completely misses you. x2
The goblin closely misses you.
An endoplasm comes into view.
You shoot an arrow. The arrow hits the goblin.
The goblin is heavily wounded.
The goblin misses you. Robin closely misses you.
You shoot an arrow. The arrow closely misses the goblin.
The goblin hits you but does no damage. Robin closely misses you.
You shoot an arrow. The arrow barely misses the goblin.
The goblin misses you. Robin completely misses you.
You shoot an arrow. The arrow completely misses the goblin.
The goblin hits you with a +0 club. Robin hits you but does no damage.
You shoot an arrow. The arrow hits the goblin.
You kill the goblin!
Robin hits you from afar with a +0 spear. x2
You die...
Robin calls out, "Let's celebrate!
Time for a feast!"

##.. ..... # ..!. #. ##..#
)###..# # . g....## .# ..
#$)...# .. .. ##@%...#.# #.
#.))_..(.### #. #...........
#. #......)##########.
#..............#...
####....#........[....
#######..........########...
#.......########.# #...
#........#######.# ####


You could see Robin.

Vanquished Creatures
  Terence (D:2)
  An adder (D:2)
  2 dart slugs (D:2)
  An endoplasm (D:1)
  2 giant cockroaches (D:1)
  9 goblins
  7 hobgoblins
  2 quokkas (D:1)
  4 ball pythons
  6 bats
  2 frilled lizards (D:1)
  4 kobolds (D:1)
  5 rats
46 creatures vanquished.

Notes
Turn   | Place    | Note
-------+----------+-------------------------------------------
     0 | D:1      | qw the Spriggan Hunter began the quest for the Orb.
     0 | D:1      | Reached XP level 1. HP: 10/10 MP: 2/2
     0 | D:1      | 0 ||| qw: Version: 0.3-a-155-g5e7d8dd
     0 | D:1      | 0 ||| qw: Game counter: 3344
     0 | D:1      | 0 ||| qw: Melee chars always use a shield: true
     0 | D:1      | 0 ||| qw: God list: Okawaru
     0 | D:1      | 0 ||| qw: Allow faded altars: false
     0 | D:1      | 0 ||| qw: Do Orc after clearing Dungeon:15 true
     0 | D:1      | 0 ||| qw: Do second Lair branch before Depths: true
     0 | D:1      | 0 ||| qw: Lair rune preference: random
     0 | D:1      | 0 ||| qw: Goals: Normal
     0 | D:1      | 0 ||| PLANNING D:1-11
    22 | D:1      | Reached skill level 3 in Dodging
    89 | D:1      | Reached XP level 2. HP: 14/14 MP: 3/3
   133 | D:1      | Reached skill level 4 in Dodging
   402 | D:1      | Reached XP level 3. HP: 16/18 MP: 4/4
   681 | D:1      | 681 ||| UPGRADING to +5 ring of evasion.
   682 | D:1      | 682 ||| UPGRADING to +6 ring of dexterity.
   683 | D:1      | 683 ||| READING 2 scrolls labelled JILUIG PONIHO.
   683 | D:1      | 683 ||| ENCHANTING +0 shortbow.
   684 | D:1      | 684 ||| READING scroll of enchant weapon.
   684 | D:1      | 684 ||| ENCHANTING +1 shortbow.
   685 | D:1      | 685 ||| READING scroll labelled JETEKHL JINN.
   685 | D:1      | 685 ||| ENCHANTING +2 shortbow.
   686 | D:1      | 686 ||| DROPPING scroll of butterflies.
   709 | D:2      | Noticed Terence
   718 | D:2      | Killed Terence
   722 | D:2      | Reached skill level 5 in Dodging
   732 | D:2      | Reached XP level 4. HP: 22/22 MP: 5/5
   786 | D:2      | Found a faded altar of an unknown god.
   840 | D:2      | Found a hazy altar of Hepliaklqana.
   858 | D:2      | Noticed Robin
   873 | D:2      | HP: 3/22 [Robin/+0 spear (4)]
   873 | D:2      | Slain by Robin

Levels and vault maps discovered:
D:1:      orjb1_lava_funnel, layout_basic, minivault_25
D:2:      layout_rooms, shapermc_ecumenical_altar_mp_ritualfount, basic_altar,
          due_unseen_surprise, uniq_terence, uniq_robin

Skill      XL: |  1  2  3 |
---------------+----------+-----
Dodging        | 3 4 5 |  5.0
Fighting       | |  1.5
Ranged Weapons | |  4.8
Stealth        | |  1.5

Action                     |  1- 3 |  4- 6 || total
---------------------------+-------+-------++-------
   Fire: Shortbow          |   100 |    35 ||   135
    Use: Scroll            |     3 |       ||     3
 Armour: Robe              |     7 |    13 ||    20
  Dodge: Dodged            |    26 |    51 ||    77

Table legend:
 A = Non-vault XP
 B = Vault XP
 C = Vault XP percentage of total XP
 D = Non-vault monster count
 E = Vault monster count
 F = Vault count percentage of total count
                 A         B        C        D         E       F
            +---------+---------+-------+---------+---------+-------
      Total |      75 |      54 |  41.9 |      36 |      10 |  21.7
            +---------+---------+-------+---------+---------+-------
        D:1 |      44 |       0 |   0.0 |      27 |       0 |   0.0
        D:2 |      31 |      54 |  63.5 |       9 |      10 |  52.6
            +---------+---------+-------+---------+---------+-------
